Map: [ESL] Royal Blood

Players

Cure - Winner!

  • Race: Terran Terran

Neeb

  • Race: Protoss Protoss

Event: IEM Katowice 2023

VOD

Have the link to the VOD?

Description

Time

  • Played on: Feb. 9, 2023, 6:34 a.m.
  • Length: 8:48

All games in this series

Show
View Real Time Build Order
Export as new Build Order

Cure Terran - Winner!

Build Orders:  

Get SALT Encoding   

  12  0:00  SCV  
  13  0:12  SCV  
  14  0:17  Supply Depot  
  14  0:24  SCV  
  15  0:38  SCV  
  15  0:39  Barracks  
  15  0:42  Refinery  
  16  0:50  SCV  
  16  0:52  Refinery  
  17  1:03  SCV  
  18  1:15  SCV  
  19  1:26  Reaper  
  19  1:27  Orbital Command  
  19  1:28  Supply Depot  
  20  1:40  Factory  
  20  1:52  SCV  
  21  1:58  Reaper  
  22  2:04  SCV  
  23  2:15  Command Center  
  23  2:18  SCV  
  24  2:23  Hellion  
  26  2:30  SCV, Barracks Reactor  
  27  2:42  SCV  
  28  2:44  Factory Tech Lab  
  28  2:45  Starport  
  28  2:54  SCV  
  28  2:56  Supply Depot  
  29  3:06  SCV  
  29  3:07  Marine  
  31  3:18  Marine, Cyclone  
  31  3:19  SCV  
  32  3:28  Orbital Command, Medivac  
  32  3:31  SCV  
  35  3:35  Marine, Bunker  
  35  3:36  Marine  
  37  3:43  SCV  
  38  3:50  Siege Tank  
  38  3:53  Marine  
  38  3:54  Marine, SCV  
  45  3:55  SCV  
  45  4:01  Supply Depot  
  45  4:04  Liberator  
  45  4:07  SCV  
  45  4:08  SCV  
  50  4:11  Marine  
  50  4:12  Marine  
  52  4:18  Supply Depot  
  52  4:19  SCV  
  52  4:20  SCV  
  54  4:25  Siege Tank  
  54  4:29  Marine x2  
  59  4:37  SCV x2  
  61  4:39  Supply Depot  
  61  4:47  Marine x2  
  61  4:50  Barracks  
  61  4:52  Barracks, SCV  
  64  4:53  Engineering Bay, SCV  
  65  5:01  Siege Tank  
  65  5:05  Marine x2, SCV x2  
  65  5:06  Supply Depot  
  72  5:17  SCV x2, Starport Reactor  
  72  5:19  Refinery  
  74  5:21  Refinery  
  74  5:23  Marine x2  
  76  5:29  SCV x2  
  78  5:37  Siege Tank  
  78  5:41  Marine x2  
  78  5:42  Barracks Tech Lab x2  
  83  5:43  SCV x2  
  83  5:48  Missile Turret  
  83  5:49  Supply Depot x2  
  85  5:50  Terran Infantry Weapons Level 1  
  85  5:54  Bunker x2  
  85  5:55  SCV  
  86  6:00  Stimpack  
  86  6:05  Marine x2  
  86  6:11  Marauder x2  
  89  6:12  SCV x2  
  84  6:23  Medivac  
  84  6:24  Medivac  
  84  6:25  SCV x2  
  87  6:29  Factory Reactor  
  87  6:31  Bunker  
  84  6:37  Marine, Marauder  
  84  6:39  Marine  
  87  6:46  Bunker  
  87  6:50  SCV x2  
  86  7:00  Marine x2, Marauder x2  
  79  7:09  Medivac x2  
  79  7:10  Widow Mine  
  79  7:13  Widow Mine  
  79  7:15  Combat Shield  
  85  7:18  SCV x2  
  85  7:20  Marine  
  85  7:21  Marine  
  91  7:23  Marauder  
  91  7:26  Marauder  
  93  7:30  SCV x2  
  95  7:37  Supply Depot x2  
  95  7:40  Marine x2, Concussive Shells  
  95  7:41  Widow Mine  
  95  7:44  Medivac  
  101  7:52  SCV  
  102  7:58  Marine x2  
  102  7:59  Widow Mine, Marauder x2, SCV  
  102  8:01  Supply Depot x2  
  102  8:05  Widow Mine  
  113  8:18  Marine x2  
  103  8:20  Marauder x2, Widow Mine  
  103  8:27  Command Center  
  106  8:45  Barracks  
  106  8:46  Barracks  
Show
View Real Time Build Order
Export as new Build Order

Neeb Protoss 

Build Orders: 1 Gate Expand, Blink Stalkers 

Get SALT Encoding   

  12  0:00  Probe  
  13  0:12  Probe  
  14  0:17  Pylon  
  14  0:24  Probe  
  15  0:36  Gateway, Probe (Chrono Boost)  
  16  0:46  Assimilator, Probe (Chrono Boost)  
  17  0:51  Probe (Chrono Boost)  
  18  1:03  Probe  
  19  1:15  Probe  
  20  1:23  Cybernetics Core  
  20  1:32  Nexus  
  20  1:36  Probe  
  21  1:41  Pylon  
  21  1:48  Probe  
  21  1:49  Assimilator  
  22  1:56  Adept (Chrono Boost)  
  22  2:00  Probe  
  25  2:02  Warp Gate  
  25  2:12  Probe  
  26  2:16  Stalker (Chrono Boost)  
  28  2:22  Shield Battery  
  28  2:24  Probe  
  29  2:34  Twilight Council  
  29  2:37  Probe  
  30  2:43  Probe  
  31  2:46  Stalker  
  33  2:54  Probe  
  33  2:56  Probe  
  33  3:03  Gateway  
  33  3:06  Probe  
  33  3:09  Probe  
  35  3:15  Blink (Chrono Boost)  
  35  3:22  Probe  
  35  3:23  Probe  
  36  3:34  Robotics Facility  
  37  3:35  Probe (Chrono Boost)  
  37  3:38  Probe (Chrono Boost)  
  38  3:45  Probe (Chrono Boost)  
  38  3:48  Pylon, Probe (Chrono Boost)  
  40  3:50  Probe (Chrono Boost), Stalker  
  43  3:57  Stalker  
  43  3:58  Probe  
  46  4:06  Probe  
  46  4:07  Pylon  
  47  4:10  Probe  
  48  4:18  Probe  
  48  4:19  Nexus  
  48  4:21  Observer  
  50  4:26  Pylon  
  50  4:29  Assimilator  
  50  4:31  Stalker  
  52  4:36  Probe x2  
  54  4:39  Pylon  
  54  4:41  Sentry  
  56  4:48  Probe  
  56  4:50  Probe  
  58  4:54  Forge  
  58  4:55  Charge  
  58  4:58  Gateway  
  58  5:00  Gateway  
  58  5:03  Probe x2  
  60  5:13  Pylon  
  58  5:14  Immortal (Chrono Boost)  
  58  5:15  Stalker x2  
  66  5:26  Nexus  
  66  5:37  Pylon  
  66  5:38  Stalker  
  66  5:39  Stalker  
  70  5:48  Pylon  
  70  5:49  Pylon  
  67  5:56  Stalker x2  
  69  6:02  Stalker  
  64  6:18  Stalker  
  64  6:20  Probe  
  64  6:21  Pylon x2  
  64  6:25  Gateway  
  67  6:29  Zealot x2  
  67  6:30  Zealot  
  73  6:44  Zealot  
  75  6:53  Zealot x3  
  59  7:08  Probe x2  
  59  7:11  Nexus  
  59  7:13  Pylon  
  59  7:14  Observer  
  59  7:15  Robotics Bay  
  61  7:17  Assimilator  
  61  7:18  Observer  
  61  7:21  Probe  
  62  7:24  Zealot x3  
  62  7:25  Zealot x2  
  62  7:28  Probe  
  73  7:33  Probe  
  74  7:41  Probe  
  74  7:43  Observer  
  76  7:46  Zealot x4  
  76  7:47  Zealot  
  86  7:54  Probe  
  86  7:55  Probe  
  88  8:02  Shield Battery  
  88  8:06  Sentry  
  88  8:07  Zealot, Stalker x2  
  88  8:11  Zealot  
  78  8:22  Probe x2  
  85  8:28  Zealot  
  85  8:31  Zealot  
  75  8:37  Zealot x2  
  75  8:41  Zealot  

Tags
 
Add a new tag
Caveats
  • Supply blocks, unpowered buildings, or Contaminate may cause inaccurate times.
  • Supply counts are checked every 10 seconds.